 Dungeon Crawl Stone Soup version 0.30-a0-867-g305f33218d (webtiles) character file.

Game seed: 6059878165224885916

45590 Ijustatesigmund the Thaumaturge (level 14, -1/108 HPs)
             Began as a Gnoll Fire Elementalist on Mar 9, 2023.
             Was an Elder of Cheibriados.
             Killed from afar by a wretched star (26 damage)
             ... with a lance of force
             ... on level 2 of the Abyss on Mar 10, 2023.
             The game lasted 01:26:23 (21692 turns).

Ijustatesigmund the Thaumaturge (GnFE)             Turns: 21692, Time: 01:26:24

Health: -1/108     AC: 12    Str: 18    XL:     14   Next: 33%
Magic:  6/32       EV: 18    Int: 29    God:    Cheibriados [****..]
Gold:   880        SH: 13    Dex: 19    Spells: 12/34 levels left

rFire   + . .      SeeInvis .    i - staff of fire
rCold   . . .      Faith    .    E - +1 buckler
rNeg    . . .      Spirit   .    a - +0 troll leather armour
rPois   .          Reflect  +    (helmet restricted)
rElec   .          Rampage  .    s - +0 cloak
rCorr   .                        B - +1 pair of gloves
Will    +....                    Y - +0 pair of boots
Stlth   +++++                    C - amulet of reflection
HPRegen 1.18/turn                k - ring of magical power
MPRegen 0.23/turn                w - ring of wizardry

@: very slightly contaminated, unable to drink, very slow
A: fangs 1, strong nose, distributed training, horns 1, talons 1, iridescent
scales 1, [clumsy 2], [low MP 2], ([teleportitis 2]), [inability to drink after
injury 2]
a: Renounce Religion, Bend Time, Temporal Distortion, Slouch


You were on level 2 of the Abyss.
You worshipped Cheibriados.
Cheibriados was greatly pleased with you.
You visited 2 branches of the dungeon, and saw 16 of its levels.
You visited the Abyss 1 time.
You also visited: Bailey.

You collected 880 gold pieces.

Inventory:

Hand Weapons
 e - a +4 morningstar
 p - a +0 broad axe of protection
 H - a +4 war axe
 O - a +4 scimitar of flaming
 V - a +0 flail
Missiles
 M - a curare-tipped dart
Armour
 a - a +0 troll leather armour (worn)
 s - a +0 cloak (worn)
 B - a +1 pair of gloves (worn)
 E - a +1 buckler (worn)
 K - the +2 helmet "Denugere" {Int+4}
   (You acquired it in a bailey)

   Int:       It affects your intelligence (+4).
 X - the +0 pair of boots "Xuhapt" {Contam rC++ Str+7}
   (You found it on level 14 of the Dungeon)

   Str:       It affects your strength (+7).
   rC:        It greatly protects you from cold.
   Contam:    It causes magical contamination when unequipped.
 Y - a +0 pair of boots (worn)
Magical Staves
 i - a staff of fire (weapon)
Jewellery
 c - a ring of willpower
 k - a ring of magical power (left hand)
 r - a ring of ice
 w - a ring of wizardry (right hand)
 C - an amulet of reflection (around neck)
 D - a +6 ring of intelligence
 F - a ring of flight
 P - an amulet of the acrobat
 U - a ring of poison resistance
Wands
 z - a wand of mindburst (5)
 G - a wand of charming (3)
 N - a wand of polymorph (9)
 T - a wand of flame (13)
 Z - a wand of roots (3)
Scrolls
 f - 2 scrolls of poison
 h - 2 scrolls of enchant armour
 o - a scroll of amnesia
 u - 3 scrolls of immolation
 y - 3 scrolls of brand weapon
 J - 9 scrolls of identify
 Q - 3 scrolls of fear
 R - a scroll of silence
 S - a scroll of fog
 W - 3 scrolls of teleportation
Potions
 b - 3 potions of magic
 d - 2 potions of berserk rage
 g - 8 potions of brilliance
 j - 3 potions of cancellation
 l - 4 potions of attraction
 m - 2 potions of flight
 n - 2 potions of mutation
 q - a potion of resistance
 t - 5 potions of heal wounds
 v - 3 potions of curing
 A - 2 potions of lignification
 I - 2 potions of invisibility
 L - 2 potions of might
Miscellaneous
 x - a box of beasts


   Skills:
 + Level 9.4 Fighting
 + Level 9.4 Short Blades
 + Level 9.4 Long Blades
 + Level 9.4 Axes
 + Level 9.4 Maces & Flails
 + Level 9.4 Polearms
 + Level 9.4 Staves
 + Level 9.4 Ranged Weapons
 + Level 9.4 Throwing
 + Level 9.4 Armour
 + Level 10.5 Dodging
 + Level 10.4 Stealth
 + Level 9.4 Shields
 + Level 9.4 Unarmed Combat
 + Level 10.7 Spellcasting
 + Level 8.2 Conjurations
 + Level 7.9 Hexes
 + Level 7.9 Summonings
 + Level 7.9 Necromancy
 + Level 7.9 Translocations
 + Level 7.9 Transmutations
 + Level 9.7 Fire Magic
 + Level 7.9 Ice Magic
 + Level 7.9 Air Magic
 + Level 7.9 Earth Magic
 + Level 7.9 Poison Magic
 + Level 10.3 Invocations
 + Level 9.4 Evocations


You had 12 spell levels left.
You knew the following spells:

 Your Spells              Type           Power      Damage    Failure   Level
a - Foxfire               Conj/Fire      100%       2x1d9     1%          1
b - Scorch                Fire           100%       2d10      1%          2
c - Blink                 Tloc           100%       N/A       1%          2
d - Mephitic Cloud        Conj/Pois/Air  58%        N/A       1%          3
e - Irradiate             Conj/Tmut      29%        3d21      1%          5
f - Dispel Undead         Necr           57%        3d20      1%          4
g - Agony                 Necr           57%        N/A       2%          5

Your spell library contained the following spells:

 Spells                   Type           Power      Damage    Failure   Level
 Sting                    Tmut/Pois      100%       1d8       1%          1
 Summon Small Mammal      Summ           100%       N/A       1%          1
 Cigotuvi's Dreadful Rot  Necr/Pois/Air  100%       N/A       1%          2
 Lesser Beckoning         Tloc           100%       N/A       1%          2
 Momentum Strike          Conj/Tloc      100%       3d10      1%          2
 Poisonous Vapours        Pois/Air       100%       N/A       1%          2
 Sublimation of Blood     Necr           57%        N/A       1%          2
 Call Canine Familiar     Summ           57%        N/A       1%          3
 Dazzling Flash           Conj/Hex       100%       N/A       1%          3
 Inner Flame              Hex/Fire       79%        N/A       1%          3
 Kindle Blastsparks       Fire/Tloc/Air  100%       2d18      1%          3
 Portal Projectile        Hex/Tloc       100%       N/A       1%          3
 Summon Guardian Golem    Hex/Summ       57%        N/A       1%          3
 Tukima's Dance           Hex            57%        N/A       1%          3
 Cause Fear               Hex            28%        N/A       1%          4
 Flame Wave               Conj/Fire      79%        2d17      1%          4
 Leda's Liquefaction      Hex/Erth       28%        N/A       1%          4
 Olgreb's Toxic Radiance  Pois           57%        N/A       1%          4
 Petrify                  Tmut/Erth      57%        N/A       1%          4
 Blade Hands              Tmut           28%        N/A       2%          5
 Silence                  Hex/Air        28%        N/A       2%          5
 Death Channel            Necr           28%        N/A       12%         6
 Discord                  Hex            28%        N/A       99%         8


Dungeon Overview and Level Annotations

Branches:
Dungeon (15/15)            Temple (1/1) D:7            Lair (0/5) D:8
    Orc (0/2) D:11         Vaults (0/5) D:14         Bailey (visited)
 Depths: D:15

Altars:
Ashenzari
Cheibriados
Dithmenos
Elyvilon
Fedhas
Gozag
Hepliaklqana
Kikubaaqudgha
Makhleb
Nemelex Xobeh
Okawaru
Qazlal
Ru
Sif Muna
Trog
Uskayaw
Vehumet
Wu Jian
Xom
Yredelemnul
Zin
The Shining One

Shops:
D:11 =[(


Innate Abilities, Weirdness & Mutations

You have very sharp teeth.
Your uncanny sense of smell can sniff out nearby items.
Your experience applies equally to all skills.
You have a pair of small horns on your head.
You have sharp toenails.
You are partially covered in iridescent scales. (AC +2)
[You are very clumsy. (Dex -4)]
[Your magical capacity is very low. (-20% MP)]
[((You are often teleported next to monsters.))]
[You sometimes lose the ability to drink potions when taking damage.]


Message History

The wretched star is lightly damaged.
Casting: Irradiate (dangerous; 1% risk of failure)
Confirm with . or Enter, or press ? or * to list all spells.
You can't see any susceptible monsters within range! (Use Z to cast anyway.) Unknown command.
Casting: Irradiate (dangerous; 1% risk of failure)
Confirm with . or Enter, or press ? or * to list all spells.
You can't see any susceptible monsters within range! (Use Z to cast anyway.) Unknown command.
Casting: Irradiate (dangerous; 1% risk of failure)
Confirm with . or Enter, or press ? or * to list all spells.
You erupt in a fountain of uncontrolled magic!
The wretched star is blasted with magical radiation!!
The wretched star is heavily damaged.
You are lightly contaminated with residual magic.
The wretched star glows turbulently.
The lance of force hits you!!
* * * LOW HITPOINT WARNING * * *
You are knocked back by the lance of force.
Aiming: Throw Flame
Press: ? - help, Shift-Dir - straight line, f - wretched star
Aim: a wretched star (heavily damaged, 76% to hit)
The puff of flame hits the wretched star but does no damage.
The wretched star is heavily damaged.
Aiming: Throw Flame
Press: ? - help, Shift-Dir - straight line, f/p - wretched star
Aim: a wretched star (heavily damaged, 76% to hit)
The puff of flame hits the wretched star.
The wretched star resists.
The wretched star is heavily damaged.
Aiming: Throw Flame
Press: ? - help, Shift-Dir - straight line, f/p - wretched star
Aim: a wretched star (heavily damaged, 76% to hit)
The puff of flame hits the wretched star but does no damage.
The wretched star is heavily damaged.
You cannot drink potions in your current state!
Unknown command.
The wretched star glows turbulently.
The lance of force hits you!!
You die...

... ..# #.#.# .......
... #..# .......###
#####.# .......##
.....†*# .......#... .
.#†# ....... . ...#.
#### . ..#....# ...
..#........
.......#########...... .
........@*......#..#...
...................... .
###########.#####....#..
. . #.# ... .. . .# # ..
.... ## #### ## .# . ..
# . .. .


You could see a wretched star.

Vanquished Creatures
  A lich (Abyss:2)
  Frances (D:14)
  Nessos (D:12)
  Azrael (D:13)
  A hydra (D:14)
  Erolcha (D:10)
  An ogre mage (D:15)
  Erica (D:9)
  2 centaur warriors (D:14)
  4 boulder beetles
  7 two-headed ogres
  A wretched star (Abyss:2)
  A skeletal warrior (D:14)
  An anaconda skeleton (Abyss:2)
  Pikel (D:6)
  2 wolf spiders
  3 deep elf pyromancers
  2 orc knights
  4 cyclopes
  A manticore (shapeshifter) (D:15)
  A manticore (D:15)
  12 ugly things
  A kobold demonologist (D:12)
  3 centaur skeletons (D:14)
  Psyche (D:9)
  An unseen horror (D:13)
  3 yaktaurs (D:14)
  A tengu conjurer (D:14)
  3 trolls
  3 raiju (Abyss:2)
  Prince Ribbit (D:5)
  2 centaur simulacra
  11 slime creatures
  Sigmund (D:2)
  2 shadows
  5 flying skulls (Abyss:2)
  13 yaks
  2 water elementals (D:14)
  A wraith (D:13)
  A vampire (D:11)
  Grum (D:9)
  2 wyverns
  2 fire elementals
  2 steam dragons
  A basilisk (D:14)
  A large abomination (Abyss:2)
  5 vampire mosquitoes
  The ghost of TimeIsEndless the Caller, an amateur FoSu (D:4)
  4 acid dragons
  Menkaure (D:6)
  A water moccasin (D:7)
  3 hell hounds (D:13)
  A black bear (D:5)
  5 orc warriors
  2 ice beasts (D:7)
  A sky beast (D:7)
  An ogre (D:15)
  3 wolves (D:9)
  9 centaurs
  A phantom (D:4)
  3 kobold brigands
  3 bullfrogs
  2 gnoll sergeants
  3 scorpions
  12 wights
  3 killer bees (D:7)
  4 electric eels
  3 howler monkeys (D:11)
  2 hounds
  2 jellies
  2 sleepcaps (D:5)
  A gnoll bouda (D:7)
  8 orc priests
  2 iguanas
  11 orc wizards
  A boggart skeleton (D:14)
  A mummy (D:8)
  25 gnolls
  13 adders
  2 ufetubi
  2 worms
  2 dart slugs
  46 orcs
  4 bats (D:1)
  9 endoplasms
  5 giant cockroaches
  5 goblins
  10 hobgoblins
  13 jackals
  14 kobolds
  A quokka (D:3)
  8 ball pythons
  3 frilled lizards (D:1)
  A goblin zombie (D:8)
  A kobold zombie (D:8)
  4 rats
383 creatures vanquished.

Vanquished Creatures (collateral kills)
  2 two-headed ogres
  An orc knight (Bailey)
  2 yaks
  A steam dragon (D:10)
  4 gnolls
  A quokka (D:2)
  2 foxfires
13 creatures vanquished.

Vanquished Creatures (others)
  A manticore (D:14)
  A freezing wraith (D:14)
  3 yaks
  2 orcs (D:11)
  A kobold (D:12)
  937 foxfires
  4 plants (D:5)
949 creatures vanquished.

Grand Total: 1345 creatures vanquished

Notes
Turn   | Place    | Note
-------+----------+-------------------------------------------
     0 | D:1      | Ijustatesigmund the Gnoll Fire Elementalist began the quest
                  | for the Orb.
     0 | D:1      | Reached XP level 1. HP: 13/13 MP: 6/6
   148 | D:1      | Reached XP level 2. HP: 13/19 MP: 2/7
   157 | D:1      | Learned a level 2 spell: Scorch
   483 | D:1      | Reached skill level 5 in Spellcasting
   483 | D:1      | Reached XP level 3. HP: 25/25 MP: 5/9
   801 | D:2      | Reached skill level 1 in Invocations
   823 | D:2      | Noticed Sigmund
  1007 | D:3      | Reached skill level 1 in Fighting
  1007 | D:3      | Reached skill level 1 in Short Blades
  1007 | D:3      | Reached skill level 1 in Long Blades
  1007 | D:3      | Reached skill level 1 in Axes
  1007 | D:3      | Reached skill level 1 in Maces & Flails
  1007 | D:3      | Reached skill level 1 in Polearms
  1007 | D:3      | Reached skill level 1 in Staves
  1007 | D:3      | Reached skill level 1 in Ranged Weapons
  1007 | D:3      | Reached skill level 1 in Throwing
  1007 | D:3      | Reached skill level 1 in Armour
  1007 | D:3      | Reached skill level 1 in Shields
  1007 | D:3      | Reached skill level 1 in Unarmed Combat
  1007 | D:3      | Reached skill level 1 in Evocations
  1130 | D:3      | Reached XP level 4. HP: 32/32 MP: 9/11
  1170 | D:3      | Found a sparkling altar of Nemelex Xobeh.
  1283 | D:3      | Found a stormy altar of Qazlal.
  1284 | D:3      | Noticed a fire elemental
  1289 | D:3      | Noticed an earth elemental
  1293 | D:3      | Noticed a water elemental
  1293 | D:3      | Noticed an air elemental
  1526 | D:3      | Found a faded altar of an unknown god.
  1636 | D:3      | Reached skill level 1 in Hexes
  1636 | D:3      | Reached skill level 1 in Summonings
  1636 | D:3      | Reached skill level 1 in Necromancy
  1636 | D:3      | Reached skill level 1 in Translocations
  1636 | D:3      | Reached skill level 1 in Transmutations
  1636 | D:3      | Reached skill level 1 in Ice Magic
  1636 | D:3      | Reached skill level 1 in Air Magic
  1636 | D:3      | Reached skill level 1 in Earth Magic
  1636 | D:3      | Reached skill level 1 in Poison Magic
  1720 | D:4      | Found a radiant altar of Vehumet.
  1881 | D:4      | Reached XP level 5. HP: 36/37 MP: 2/12
  2144 | D:4      | Reached XP level 6. HP: 31/44 MP: 7/14
  2314 | D:4      | Found a runed translucent door.
  2316 | D:4      | Noticed TimeIsEndless's ghost (amateur FoSu)
  2404 | D:4      | Reached skill level 5 in Dodging
  2801 | D:4      | Reached XP level 7. HP: 11/51 MP: 10/15
  3046 | D:4      | Found an ancient bone altar of Kikubaaqudgha.
  3637 | D:2      | Killed Sigmund
  3638 | D:2      | Reached skill level 5 in Stealth
  4403 | D:4      | Killed TimeIsEndless's ghost
  4582 | D:5      | Entered Level 5 of the Dungeon
  4587 | D:5      | Reached XP level 8. HP: 58/58 MP: 16/16
  4731 | D:5      | Found a sacrificial altar of Ru.
  5259 | D:5      | Noticed Prince Ribbit
  5269 | D:5      | Killed Prince Ribbit
  5872 | D:6      | Noticed Menkaure
  5882 | D:6      | Killed Menkaure
  5883 | D:6      | Reached XP level 9. HP: 27/65 MP: 18/18
  5912 | D:6      | Found a bloodstained altar of Trog.
  5912 | D:6      | Found a broken altar of Ashenzari.
  6049 | D:6      | Found a burning altar of Makhleb.
  6126 | D:6      | Found a glowing silver altar of Zin.
  6766 | D:6      | Identified the +0 leather armour of Death's Door {rElec rF+
                  | rC-}
  6908 | D:7      | Upgraded the game from 0.30-a0-862-g1aabd4f9c5 to
                  | 0.30-a0-867-g305f33218d
  6915 | D:7      | Found a white marble altar of Elyvilon.
  7058 | D:7      | Found a staircase to the Ecumenical Temple.
  7073 | D:7      | Reached skill level 5 in Invocations
  7154 | Temple   | Entered the Ecumenical Temple
  7228 | Temple   | Became a worshipper of Cheibriados the Contemplative
  7581 | D:7      | Noticed Pikel
  7603 | D:6      | Killed Pikel
  7604 | D:6      | Reached skill level 5 in Fighting
  7604 | D:6      | Reached skill level 5 in Short Blades
  7604 | D:6      | Reached skill level 5 in Long Blades
  7604 | D:6      | Reached skill level 5 in Axes
  7604 | D:6      | Reached skill level 5 in Maces & Flails
  7604 | D:6      | Reached skill level 5 in Polearms
  7604 | D:6      | Reached skill level 5 in Staves
  7604 | D:6      | Reached skill level 5 in Ranged Weapons
  7604 | D:6      | Reached skill level 5 in Throwing
  7604 | D:6      | Reached skill level 5 in Armour
  7604 | D:6      | Reached skill level 5 in Shields
  7604 | D:6      | Reached skill level 5 in Unarmed Combat
  7604 | D:6      | Reached skill level 5 in Evocations
  7604 | D:6      | Reached XP level 10. HP: 67/74 MP: 20/20
  7860 | D:7      | Identified the +1 ring mail "Cucsiesa" {rElec rC- rN++}
  8183 | D:8      | Found a flagged portal.
  8199 | D:8      | Learned a level 2 spell: Blink
  8203 | D:8      | Learned a level 3 spell: Mephitic Cloud
  8245 | Bailey   | Entered a bailey
  8375 | Bailey   | Reached * piety under Cheibriados
  8601 | Bailey   | Noticed an orc knight
  8629 | Bailey   | Killed an orc knight
  8630 | Bailey   | Reached skill level 5 in Conjurations
  8732 | Bailey   | Acquired the +2 helmet "Denugere" {Int+4}
  9115 | D:8      | Reached ** piety under Cheibriados
  9319 | D:8      | Found a staircase to the Lair.
  9350 | D:8      | Found an opulent altar of Gozag.
  9511 | D:8      | Found a hazy altar of Hepliaklqana.
  9953 | D:9      | Noticed Grum
  9984 | D:9      | Killed Grum
 10214 | D:9      | Noticed Psyche
 10236 | D:9      | Killed Psyche
 10237 | D:9      | Reached skill level 5 in Hexes
 10237 | D:9      | Reached skill level 5 in Summonings
 10237 | D:9      | Reached skill level 5 in Necromancy
 10237 | D:9      | Reached skill level 5 in Translocations
 10237 | D:9      | Reached skill level 5 in Transmutations
 10237 | D:9      | Reached skill level 5 in Ice Magic
 10237 | D:9      | Reached skill level 5 in Air Magic
 10237 | D:9      | Reached skill level 5 in Earth Magic
 10237 | D:9      | Reached skill level 5 in Poison Magic
 10462 | D:9      | Reached XP level 11. HP: 81/81 MP: 17/22
 10462 | D:9      | Noticed Erica
 10469 | D:9      | Noticed a cyclops
 10588 | D:9      | Learned a level 5 spell: Irradiate
 10655 | D:9      | Killed Erica
 10717 | D:9      | Reached *** piety under Cheibriados
 10818 | D:9      | Killed a cyclops
 11414 | D:10     | Entered Level 10 of the Dungeon
 11429 | D:10     | Noticed a two-headed ogre
 11698 | D:10     | Noticed a two-headed ogre
 11757 | D:10     | Killed a two-headed ogre
 12038 | D:10     | Killed a two-headed ogre
 12230 | D:10     | You fall into a shaft and drop 3 floors!
 12240 | D:13     | Noticed Azrael
 12240 | D:13     | Noticed a deep elf pyromancer
 12244 | D:13     | Killed a deep elf pyromancer
 12245 | D:13     | Killed Azrael
 12247 | D:13     | Noticed a cyclops
 12248 | D:13     | Gained mutation: You are vulnerable to cold. (rC-)
                  | [mutagenic glow]
 12257 | D:14     | Noticed a deep elf pyromancer
 12263 | D:13     | Gained mutation: You are weak. (Str -2) [mutagenic glow]
 12269 | D:13     | Killed a cyclops
 12391 | D:13     | Lost mutation: You are weak. (Str -2) [potion of mutation]
 12391 | D:13     | Lost mutation: You are vulnerable to cold. (rC-) [potion of
                  | mutation]
 12391 | D:13     | Gained mutation: You passively map a small area around you.
                  | [potion of mutation]
 12391 | D:13     | Gained mutation: You are frail. (-10% HP) [potion of
                  | mutation]
 12392 | D:13     | Lost mutation: You are frail. (-10% HP) [potion of
                  | mutation]
 12392 | D:13     | Lost mutation: You passively map a small area around you.
                  | [potion of mutation]
 12392 | D:13     | Gained mutation: You have sharp toenails. [potion of
                  | mutation]
 12392 | D:13     | Gained mutation: You have a pair of small horns on your
                  | head. [potion of mutation]
 12392 | D:13     | Gained mutation: You are partially covered in iridescent
                  | scales. (AC +2) [potion of mutation]
 12501 | D:12     | Reached **** piety under Cheibriados
 12505 | D:12     | Noticed Nessos
 12522 | D:12     | Reached XP level 12. HP: 24/91 MP: 11/24
 12530 | D:12     | Killed Nessos
 12852 | D:11     | Found Feloe's Jewellery Shoppe.
 12978 | D:10     | Noticed Erolcha
 12996 | D:10     | Killed Erolcha
 14223 | D:11     | Found a staircase to the Orcish Mines.
 14755 | D:11     | Reached ***** piety under Cheibriados
 14989 | D:11     | Found Hiopp's Antique Armour Emporium.
 15151 | D:11     | Found Peics's Weapon Shoppe.
 16051 | D:12     | Noticed a boulder beetle
 16061 | D:12     | Learned a level 4 spell: Dispel Undead
 16067 | D:12     | Learned a level 5 spell: Agony
 16083 | D:12     | Killed a boulder beetle
 16467 | D:13     | Noticed a two-headed ogre
 16474 | D:13     | Killed a two-headed ogre
 17139 | D:14     | Found a broken altar of Ashenzari.
 17141 | D:14     | Noticed a centaur warrior
 17152 | D:14     | Killed a centaur warrior
 17198 | D:14     | Noticed a boulder beetle
 17242 | D:14     | Reached XP level 13. HP: 95/98 MP: 4/26
 18324 | D:14     | Noticed Frances
 18831 | D:14     | Killed Frances
 18832 | D:14     | Reached skill level 10 in Spellcasting
 19198 | D:14     | Found a gate to the Vaults.
 19352 | D:14     | Identified the +0 pair of boots "Xuhapt" {Contam rC++
                  | Str+7}
 20280 | D:15     | Entered Level 15 of the Dungeon
 20301 | D:15     | Reached skill level 10 in Dodging
 20751 | D:14     | Reached skill level 10 in Stealth
 21220 | D:15     | Reached skill level 10 in Invocations
 21220 | D:15     | Reached XP level 14. HP: 108/108 MP: 27/28
 21461 | Abyss:2  | Cast into level 2 of the Abyss (a wizard)
 21571 | Abyss:2  | Noticed a lich
 21579 | Abyss:2  | Killed a lich
 21646 | Abyss:2  | Found a corrupted altar of Lugonu.
 21692 | Abyss:2  | Killed from afar by a wretched star

Illustrated notes

Levels and vault maps discovered:
D:1:      amcnicky_arrival_choice, layout_rooms, minmay_splitting_lines,
          minmay_tetromino_s2
D:2:      cheibrodos_helix_gallery, layout_basic, uniq_sigmund
D:3:      layout_basic, nicolae_qazlal_style_of_elements,
          nemelex_xobeh_ov_fountains_minmay,
          shapermc_ecumenical_altar_mp_vishouse
D:4:      layout_loops_ring, lemuel_round_altar, general_overflow_altar,
          ebering_ghost_inner_flame, minmay_divided_ellipse
D:5:      layout_basic, kennysheep_little_box, chequers_serial_rivers_room_a,
          chequers_big_river, uniq_prince_ribbit1
D:6:      layout_cave_pools, gammafunk_temple_overflow_forgotten, zin_statuary,
          uniq_menkaure
D:7:      layout_basic, mainiacjoe_overflow_small_starburst,
          minmay_temple_entry_slanted, supply_closet_lemuel, uniq_pikel
D:8:      layout_basic, chequers_temple_overflow_statue_of_worship,
          lair_entry_dummy, enter_bailey_8, nicolae_ossuary_entry_giza
D:9:      layout_stronghold, uniq_grum, uniq_psyche, uniq_erica
D:10:     nicolae_hitomezashi [nicolae_hito_row, nicolae_hito_row,
          nicolae_hito_row, nicolae_hito_row, nicolae_hito_row,
          nicolae_hito_row, nicolae_hito_row, nicolae_hito_row,
          nicolae_hito_row, nicolae_hito_row, nicolae_hito_row,
          nicolae_hito_row, nicolae_hito_row, nicolae_hito_row,
          nicolae_hito_row, nicolae_hito_row, nicolae_hito_row,
          nicolae_hito_row], layout_cave_pods, uniq_erolcha
D:11:     layout_loops_corners, erik_orc_2, serial_shops, nicolae_shop_trees,
          shop_fountains, nicolae_shop_statue_plus, skrybe_limestone_x
D:12:     layout_basic, uniq_nessos
D:13:     layout_rooms, uniq_azrael
D:14:     layout_irregular_city, hangedman_vaults_entry_quadrant_bands,
          minivault_14, nicolae_ashenzari_skybound, uniq_frances
D:15:     grunt_enter_depths_magical_seal, layout_cave_pools,
          chequers_serial_rivers_small_3, kennysheep_treasure_room
Temple:   eino_wide_crystal_templ
Abyss:2:  base:
D:14

Skill      XL: |  1  2  3  4  5  6  7  8  9 10 11 12 13 14 |
---------------+-------------------------------------------+-----
Conjurations   | 2 3 4 5 6 7 8 |  8.2
Spellcasting   | 5 6 7 8 9 10 | 10.7
Invocations    | 1 2 3 4 5 6 7 8 10 | 10.3
Fighting       | 1 2 3 4 5 6 7 8 9 |  9.4
Short Blades   | 1 2 3 4 5 6 7 8 9 |  9.4
Long Blades    | 1 2 3 4 5 6 7 8 9 |  9.4
Axes           | 1 2 3 4 5 6 7 8 9 |  9.4
Maces & Flails | 1 2 3 4 5 6 7 8 9 |  9.4
Polearms       | 1 2 3 4 5 6 7 8 9 |  9.4
Staves         | 1 2 3 4 5 6 7 8 9 |  9.4
Ranged Weapons | 1 2 3 4 5 6 7 8 9 |  9.4
Throwing       | 1 2 3 4 5 6 7 8 9 |  9.4
Armour         | 1 2 3 4 5 6 7 8 9 |  9.4
Shields        | 1 2 3 4 5 6 7 8 9 |  9.4
Unarmed Combat | 1 2 3 4 5 6 7 8 9 |  9.4
Evocations     | 1 2 3 4 5 6 7 8 9 |  9.4
Hexes          | 1 2 3 4 5 6 7 |  7.9
Summonings     | 1 2 3 4 5 6 7 |  7.9
Necromancy     | 1 2 3 4 5 6 7 |  7.9
Translocations | 1 2 3 4 5 6 7 |  7.9
Transmutations | 1 2 3 4 5 6 7 |  7.9
Ice Magic      | 1 2 3 4 5 6 7 |  7.9
Air Magic      | 1 2 3 4 5 6 7 |  7.9
Earth Magic    | 1 2 3 4 5 6 7 |  7.9
Poison Magic   | 1 2 3 4 5 6 7 |  7.9
Dodging        | 5 6 7 8 9 10 | 10.5
Stealth        | 5 6 7 8 9 10 | 10.4
Fire Magic     | 6 7 8 9 |  9.7

Action                     |  1- 3 |  4- 6 |  7- 9 | 10-12 | 13-15 || total
---------------------------+-------+-------+-------+-------+-------++-------
  Melee: Staff             |     1 |       |    26 |    32 |    24 ||    83
         Bite              |     1 |       |     3 |     5 |     3 ||    12
         Punch             |       |       |     2 |       |       ||     2
         Kick              |       |       |       |     9 |       ||     9
         Headbutt          |       |       |       |     4 |     4 ||     8
   Cast: Foxfire           |    53 |    74 |   173 |   164 |    63 ||   527
         Scorch            |     1 |    18 |    57 |   182 |    60 ||   318
         Mephitic Cloud    |       |       |       |    67 |    47 ||   114
         Blink             |       |       |       |     3 |     1 ||     4
         Irradiate         |       |       |       |    13 |    27 ||    40
         Agony             |       |       |       |     9 |    16 ||    25
         Dispel Undead     |       |       |       |     2 |    11 ||    13
 Invoke: Bend Time         |       |       |       |     3 |       ||     3
         Slouch            |       |       |       |     1 |     4 ||     5
  Evoke: Box of beasts     |       |       |     1 |     3 |       ||     4
         Wand              |       |       |       |    29 |    16 ||    45
    Use: Scroll            |     7 |     5 |     5 |    13 |     1 ||    31
         Potion            |       |       |     4 |     6 |     2 ||    12
   Stab: Confused          |       |       |       |     5 |     2 ||     7
         Sleeping          |       |       |       |     1 |       ||     1
 Armour: Robe              |     3 |     9 |    39 |    27 |       ||    78
         Troll leather arm |       |       |       |    23 |    26 ||    49
  Dodge: Dodged            |     9 |    30 |   165 |   211 |    96 ||   511
  Block: Other             |       |       |     9 |    11 |       ||    20
         Buckler           |       |       |       |   215 |    82 ||   297
         Reflection        |       |       |       |    10 |     9 ||    19

Table legend: (Time is in decaauts)
 A = Elapsed time spent in this place.
 B = Non-inter-level travel time spent in this place.
 C = Inter-level travel time spent in this place.
 D = Time resting spent in this place.
 E = Time spent auto-exploring this place.
 F = Levels seen in this place.
 G = Mean time per level.
                   A        B        C        D        E       F      G
               +--------+--------+--------+--------+--------+-----+--------+
         Total |  25560 |  24834 |    726 |   7286 |  13253 |  18 | 1420.0 |
       Dungeon |  24263 |  23537 |    726 |   6854 |  12689 |  15 | 1617.5 |
        Temple |     93 |     93 |      0 |      0 |     61 |   1 |   93.0 |
         Abyss |    319 |    319 |      0 |     90 |    156 |   1 |  319.0 |
        Bailey |    883 |    883 |      0 |    342 |    345 |   1 |  883.0 |
               +--------+--------+--------+--------+--------+-----+--------+

Top non-repeatable levels by time:
    D:14: 3570 daAuts
    D:10: 2346 daAuts
    D:11: 2225 daAuts
     D:9: 2138 daAuts
     D:4: 2051 daAuts
    D:12: 1955 daAuts
    D:13: 1656 daAuts
     D:7: 1346 daAuts
     D:6: 1179 daAuts
     D:5: 1163 daAuts
    D:15: 1142 daAuts
     D:8: 956 daAuts
     D:3: 935 daAuts
  Bailey: 883 daAuts
     D:2: 867 daAuts
